 Dungeon Crawl Stone Soup version 0.32-a0-818-gb728d0252e (webtiles) character file.

Game seed: 3333842249008743263

228 AstroCodex24 the Covered (level 5, 0/41 HPs)
             Began as a Vampire Fighter on Mar 23, 2024.
             Was an Initiate of Nemelex Xobeh.
             Slain by an orc warrior
             ... wielding a +0 scimitar
              (13 damage)
             ... on level 6 of the Dungeon.
             The game lasted 00:05:08 (797 turns).

AstroCodex24 the Covered (Vampire Fighter)           Turns: 797, Time: 00:05:08

Health: 0/41       AC:  7    Str: 17    XL:     5   Next: 71%
Magic:  5/5        EV:  8    Int: 11    God:    Nemelex Xobeh [......]
Gold:   31         SH:  4    Dex: 13    Spells: 4/4 levels left

rFire   . . .        a - +0 war axe
rCold   . . .        c - +0 buckler
rNeg    . . .        b - +0 scale mail
rPois   .            (no helmet)
rElec   .            (no cloak)
rCorr   .            (no gloves)
SInv    +            (no boots)
Will    .....        (no amulet) Stlth
                     (no ring)
HPRegen 0.46/turn    (no ring)
MPRegen 0.09/turn

%: no passive effects
@: healing quickly
A: alive, fangs 3, see invisible, vampiric 2
a: Exsanguinate, Renounce Religion, Draw Escape, Draw Destruction, Draw
Summoning


You were on level 6 of the Dungeon.
You worshipped Nemelex Xobeh.
Nemelex Xobeh was noncommittal.
You visited 2 branches of the dungeon, and saw 7 of its levels.

You collected 31 gold pieces.

Inventory:

Hand Weapons
 a - a +0 war axe (weapon)
 l - a +2 mace of holy wrath
Armour
 b - a +0 scale mail (worn)
 c - a +0 buckler (worn)
Talismans
 k - a blade talisman
Scrolls
 f - a scroll of fog {unknown}
 g - a scroll of poison {unknown}
 h - a scroll of identify {unknown}
 j - a scroll of teleportation {unknown}
Potions
 d - a potion of might
 e - a potion of heal wounds {unknown}
 i - a potion of lignification {unknown}


   Skills:
 + Level 3.5 Fighting
 + Level 3.1 Axes
 + Level 3.7 Armour
 + Level 1.1 Dodging
 + Level 3.3 Shields


You had 4 spell levels left.
You didn't know any spells.
Your spell library was empty.

Dungeon Overview and Level Annotations

Branches:
Dungeon (6/15)             Temple (1/1) D:6

Altars:
Ashenzari
Cheibriados
Dithmenos
Gozag
Hepliaklqana
Kikubaaqudgha
Makhleb
Nemelex Xobeh
Sif Muna
Uskayaw
Wu Jian


Innate Abilities, Weirdness & Mutations

Your natural rate of healing is accelerated.
You have razor-sharp teeth.
You have supernaturally acute eyesight. (SInv)
You are afflicted with vampirism and can become a bat while bloodless.


Message History

There is an open door here.
You open the door.
There is an open door here.
You open the door.
Found a ring mail.
There is an open door here.
You open the door.
There is an open door here.
You open the door.
There is an open door here.
You open the door.
There is an open door here.
You open the door.
An orc warrior and an orc come into view.
The orc shouts!
An orc comes into view. It is wielding a +0 war axe.
The orc hits you but does no damage.
There is an open door here.
You barely miss the orc. The orc hits you but does no damage.
You slash the orc!
You kill the orc!
The orc warrior hits you with a +0 scimitar.
The orc hits you with a +0 war axe.
There is an open door, spattered with blood here.
You see here a +0 hand axe.
You hit the orc warrior but do no damage.
You slash the orc!
You kill the orc!
The orc warrior hits you with a +0 scimitar.
You barely miss the orc warrior. The orc warrior completely misses you.
The orc warrior hits you with a +0 scimitar!
You hit the orc warrior.
The orc warrior is lightly wounded.
The orc warrior hits you with a +0 scimitar.
* * * LOW HITPOINT WARNING * * *
You hit the orc warrior but do no damage.
The orc warrior is lightly wounded.
The orc warrior hits you with a +0 scimitar!
You die...
Your body disappears without a glow.

#............
#............
#............
###+########............
.....................###
.....................#..
.....................+..
.......o.............#..
######@#########...##..
#......)..####...######
#.........##...###
#.###..####...## #
###'### ##...### #.....#
###...### #.....#
###...# #.....#
###...### ###########..#
##...###


You could see an orc warrior.

Vanquished Creatures
  A centaur (D:6)
  A kobold brigand (D:6)
  A howler monkey (D:5)
  A hound (D:5)
  2 orcs (D:6)
  2 endoplasms (D:1)
  A giant cockroach (D:3)
  A goblin (D:3)
  2 hobgoblins
  A quokka (D:5)
  3 kobolds (D:6)
  A rat (D:1)
17 creatures vanquished.

Notes
Turn   | Place    | Note
-------+----------+-------------------------------------------
     0 | D:1      | AstroCodex24 the Vampire Fighter began the quest for the
                  | Orb.
     0 | D:1      | Reached XP level 1. HP: 17/17 MP: 1/1
   116 | D:3      | Reached XP level 2. HP: 23/23 MP: 2/2
   138 | D:4      | You fall into a shaft and drop 1 floor!
   138 | D:5      | Entered Level 5 of the Dungeon
   373 | D:5      | Noticed a howler monkey
   393 | D:5      | Killed a howler monkey
   394 | D:5      | Gained mutation: You are afflicted with vampirism and can
                  | become a bat while bloodless. [Vampire growth]
   394 | D:5      | Reached XP level 3. HP: 21/29 MP: 3/3
   412 | D:5      | Reached XP level 4. HP: 31/35 MP: 4/4
   412 | D:5      | Found a burning altar of Makhleb.
   446 | D:6      | Found a staircase to the Ecumenical Temple.
   492 | Temple   | Entered the Ecumenical Temple
   506 | Temple   | Became a worshipper of Nemelex Xobeh the Trickster
   526 | D:6      | Noticed a centaur
   552 | D:6      | Killed a centaur
   553 | D:6      | Reached XP level 5. HP: 12/41 MP: 5/5
   616 | D:6      | Found a hide-covered altar of Uskayaw.
   641 | D:6      | Reached skill level 1 in Dodging
   788 | D:6      | Noticed an orc warrior
   797 | D:6      | Slain by an orc warrior

Illustrated notes

Levels and vault maps discovered:
D:1:      wander_arrival_fairy_ring, layout_basic, roderic_serpentine_path,
          hex_tiny, minmay_misc_feat_rows
D:2:      layout_loops_ring, uniq_terence
D:3:      layout_loops_ring, gammafunk_ghost_abyssal_escape, uniq_ijyb
D:4:      layout_loops_cross, uniq_duvessa
D:5:      layout_loops_ring, nicolae_tso_carved_into_rock, elyvilon_altar_3,
          makhleb_heckhound_becter, mainiacjoe_overflow_surrounded_room,
          minmay_misc_feat_chi
D:6:      layout_gridville, fedhas_altar_1, nicolae_vehumet_radiance,
          nicolae_uskayaw_dance_studio, minmay_temple_entry_sparse_star,
          eino_curves_03, uniq_crazy_yiuf_cottage, uniq_blork_the_orc
Temple:   hellmonk_temple_flake

Skill      XL: |  1  2  3  4  5 |
---------------+----------------+-----
Fighting       | 3 |  3.5
Axes           | 2 3 |  3.1
Shields        | 3 |  3.3
Armour         | 3 |  3.7
Dodging        | 1 |  1.1

Action                     |  1- 3 |  4- 6 || total
---------------------------+-------+-------++-------
  Melee: War axe           |    47 |    44 ||    91
         Bite              |     6 |     2 ||     8
    Use: Potion            |       |     2 ||     2
 Armour: Scale mail        |    35 |    56 ||    91
  Dodge: Dodged            |    16 |    22 ||    38
  Block: Buckler           |     3 |    11 ||    14

Table legend: (Time is in decaauts)
 A = Elapsed time spent in this place.
 B = Non-inter-level travel time spent in this place.
 C = Inter-level travel time spent in this place.
 D = Time resting spent in this place.
 E = Time spent auto-exploring this place.
 F = Levels seen in this place.
 G = Mean time per level.
                   A        B        C        D        E       F      G
               +--------+--------+--------+--------+--------+-----+--------+
         Total |    834 |    817 |     17 |      0 |      0 |   7 |  119.1 |
       Dungeon |    808 |    808 |      0 |      0 |      0 |   6 |  134.7 |
        Temple |     25 |      8 |     17 |      0 |      0 |   1 |   25.0 |
               +--------+--------+--------+--------+--------+-----+--------+

Top non-repeatable levels by time:
     D:6: 349 daAuts
     D:5: 311 daAuts
     D:1: 71 daAuts
     D:2: 38 daAuts
     D:3: 31 daAuts
  Temple: 25 daAuts
     D:4: 6 daAuts
